 Dungeon Crawl Stone Soup version 0.26.0-18-gc5c842f807 (webtiles) character file.

Game seed: 10069063522867653949

41 zcampers the Grave Robber (level 3, 0/28 HPs)
             Began as a Hill Orc Necromancer on Jan 23, 2021.
             Slain by a worm (11 damage)
             ... on level 2 of the Dungeon.
             The game lasted 00:04:10 (2962 turns).

zcampers the Grave Robber (Hill Orc Necromancer)    Turns: 2962, Time: 00:04:11

Health: 0/28       AC:  3    Str:  8 (10) XL:     3   Next: 52%
Magic:  4/5        EV: 12    Int: 13 (16) God:
Gold:   81         SH:  0    Dex: 10 (11) Spells: 3/5 levels left

rFire    . . .     SeeInvis .   f - +0 dagger
rCold    . . .     Faith    .   (no shield)
rNeg     . . .     Spirit   .   a - +0 robe
rPois    .         Reflect  .   g - +0 helmet
rElec    .         Harm     .   (no cloak)
rCorr    .         Rampage  .   (no gloves)
Will     .....                  (no boots)
Stlth    +.........             (no amulet)
HPRegen  0.09/turn              (no ring)
MPRegen  0.09/turn              (no ring)

@: confused, brilliant
A: no striking features
a: no special abilities


You were on level 2 of the Dungeon.
You visited 1 branch of the dungeon, and saw 2 of its levels.

You collected 81 gold pieces.

Inventory:

Hand Weapons
 f - a +0 dagger (weapon)
Armour
 a - a +0 robe (worn)
 g - a +0 helmet (worn)
Scrolls
 b - a scroll of magic mapping {unknown}
 c - 2 scrolls of remove curse {unknown}
 d - 2 scrolls of fear {unknown}
 e - 2 scrolls of fog {unknown}
 i - 2 scrolls of random uselessness {unknown}
 j - a scroll of identify {unknown}
Potions
 h - a potion of degeneration


   Skills:
 + Level 1.2 Fighting
 + Level 1.9 Dodging
 + Level 2.0 Stealth
 + Level 1.0 Shields
 + Level 1.9 Spellcasting
 + Level 4.2 Necromancy


You had 3 spell levels left.
You knew the following spells:

 Your Spells              Type           Power        Failure   Level
a - Pain                  Necr           72%          4%          1
b - Animate Skeleton      Necr           36%          4%          1

Your spell library contained the following spells:

 Spells                   Type           Power        Failure   Level
 Vampiric Draining        Necr           9%           14%         3
 Animate Dead             Necr           9%           41%         4
 Agony                    Necr           18%          77%         5


Dungeon Overview and Level Annotations

Branches:
Dungeon (2/15)

Altars:
Qazlal


Message History

Confirm with . or Enter, or press ? or * to list all spells.
Aiming: Pain (safe; 4% risk of failure)
Press: ? - help, Shift-Dir - straight line, f/p - worm
Aim: a worm (chance to affect: 76%)
The worm writhes in agony.
Casting: Pain (safe; 4% risk of failure)
Confirm with . or Enter, or press ? or * to list all spells.
Aiming: Pain (safe; 4% risk of failure)
Press: ? - help, Shift-Dir - straight line, f/p - worm
Aim: a worm (lightly wounded, chance to affect: 76%)
The worm writhes in agony.
Your magical contamination has completely faded away.
The worm bites you.
* * * LOW HITPOINT WARNING * * *
It was a potion of brilliance.
You feel clever all of a sudden.
It was a potion of ambrosia.
You are confused.
You feel invigorated. The worm bites you!
You die...

# # # #
#
#######
#
#...@.#
#
#####w#
# #.# #
#.# #.#
# #.# #
#.# #
#.# #
#.#


You could see a worm.

Vanquished Creatures
  An ooze (D:2)
  A worm (D:2)
  A dart slug (D:1)
  A leopard gecko (D:1)
  8 bats
  A goblin (D:1)
  6 hobgoblins
  2 jackals (D:2)
  2 frilled lizards (D:1)
  4 kobolds
  4 rats
31 creatures vanquished.

Notes
Turn   | Place    | Note
-------+----------+-------------------------------------------
     0 | D:1      | zcampers the Hill Orc Necromancer began the quest for the
                  | Orb.
     0 | D:1      | Reached XP level 1. HP: 14/14 MP: 3/3
   436 | D:1      | Reached XP level 2. HP: 21/22 MP: 2/4
  1219 | D:1      | Reached skill level 1 in Fighting
  1429 | D:1      | Learned a level 1 spell: Animate Skeleton
  1704 | D:2      | Reached XP level 3. HP: 27/28 MP: 3/5
  2028 | D:2      | Reached skill level 1 in Shields
  2610 | D:2      | Found a stormy altar of Qazlal.
  2962 | D:2      | Slain by a worm

Illustrated notes

Levels and vault maps discovered:
D:1:      minmay_arrival_jagged, layout_basic
D:2:      layout_basic, lemuel_crystal_altar, ebering_dispersal_statue_hall

Skill      XL: |  1  2  3 |
---------------+----------+-----
Fighting       | 1 |  1.2
Shields        | 1 |  1.0
Stealth        | 2 |  2.0
Dodging        | |  1.9
Spellcasting   | |  1.9
Necromancy     | |  4.2

Action                   || total
-------------------------++-------
Melee: Short sword       ||     7
       Dagger            ||    49
 Cast: Pain              ||    66
       Animate Skeleton  ||     3
  Use: Potion            ||     3
 Stab: Sleeping          ||     1
Armor: Robe              ||    27
Dodge: Dodged            ||    74
